 Dungeon Crawl Stone Soup version 0.31-a0-198-g2ad674f65e (webtiles) character file.

Game seed: 17971911081069252064

93 qw the Shooter (level 4, -2/25 HPs)
             Began as a Deep Elf Hunter on June 25, 2023.
             Slain by Edmund
             ... wielding a +0 dire flail of protection
              (6 damage)
             ... on level 6 of the Dungeon.
             The game lasted 00:00:46 (1559 turns).

qw the Shooter (Deep Elf Hunter)                    Turns: 1559, Time: 00:00:47

Health: -2/25      AC:  6    Str: 10    XL:     4   Next: 37%
Magic:  6/6        EV: 11    Int: 14    God:
Gold:   187        SH:  0    Dex: 18    Spells: 3/3 levels left

rFire   . . .        Y - +0 shortbow
rCold   . . .        (shield currently unavailable)
rNeg    . . .        o - +0 ring mail
rPois   .            e - +0 helmet
rElec   .            (no cloak)
rCorr   .            (no gloves)
SInv    .            (no boots)
Will    .....        d - amulet of the acrobat
Stlth   +            (no ring)
HPRegen 0.24/turn    (no ring)
MPRegen 0.10/turn

%: acrobat
@: no status effects
A: no striking features
a: no special abilities


You were on level 6 of the Dungeon.
You visited 1 branch of the dungeon, and saw 4 of its levels.

You collected 187 gold pieces.


   Skills:
 - Level 1.5 Fighting
 + Level 7.8 Ranged Weapons
 - Level 2.4 Dodging
 - Level 1.2 Stealth


You had 3 spell levels left.
You didn't know any spells.
Your spell library was empty.

Inventory:

Hand Weapons
 Y - a +0 shortbow (weapon)
Armour
 e - a +0 helmet (worn)
 o - a +0 ring mail (worn)
Jewellery
 b - a +6 ring of strength
 d - an amulet of the acrobat (around neck)
 l - a ring of fire
 n - a ring of ice
Scrolls
 a - a scroll of identify
Potions
 c - a potion of degeneration {unknown}
 g - a potion of cancellation
 h - a potion of mutation {unknown}
 i - 2 potions of might
 j - a potion of enlightenment {unknown}
 k - a potion of resistance {unknown}
 m - 2 potions of attraction {unknown}
 p - a potion of brilliance {unknown}

Dungeon Overview and Level Annotations

Branches:
Dungeon (3/15)

Altars:

Shops:
D:3 =

Annotations:
D:6 Edmund


Message History

Enter note:
Enter note:
Enter note:
Enter note:
Enter note: You open the door.
There is an open door here.
A sourceless malevolence fills the Dungeon...
You fall into a shaft and drop 3 floors!
The shaft crumbles and collapses.
Found a ring mail.
Waypoint 3 assigned to D:6.
Edmund the Younger comes into view.
He is wielding a +0 dire flail of protection.
Edmund shouts!
You hear an angry hiss.
An adder comes into view.
You shoot an arrow.
The arrow hits Edmund but does no damage.
You shoot an arrow. The arrow hits Edmund!
Edmund is lightly wounded.
Edmund hits you with a +0 dire flail of protection!
You shoot an arrow. The arrow closely misses Edmund.
The arrow hits the adder.
The adder is severely wounded.
Edmund hits you but does no damage.
You shoot an arrow.
The arrow hits Edmund but does no damage.
Edmund is lightly wounded.
Edmund closely misses you.
You shoot an arrow.
The arrow hits Edmund but does no damage.
Edmund is lightly wounded.
Edmund hits you but does no damage.
You shoot an arrow. The arrow closely misses Edmund.
The arrow hits the adder.
You kill the adder!
Edmund barely misses you.
Edmund hits you with a +0 dire flail of protection!
You shoot an arrow.
The arrow hits Edmund but does no damage.
Edmund is lightly wounded.
Edmund hits you with a +0 dire flail of protection.
You die...

#... #.... #.....
#.....#####
#.........# #
###.##..#.# .##
##....# ..?##
#.#.....####.....#
#.........@@....#
###...[.######....
##....# # #....#
######


You could see Edmund.

Vanquished Creatures
  3 adders
  An adder skeleton (D:2)
  An adder zombie (D:2)
  3 dart slugs (D:1)
  An orc (D:3)
  A bat skeleton (D:2)
  5 endoplasms
  2 giant cockroaches
  3 hobgoblins
  2 quokkas (D:2)
  6 ball pythons
  8 bats
  3 frilled lizards
  2 goblins
  A jackal zombie (D:2)
  7 kobolds
  A quokka skeleton (D:2)
  7 rats
57 creatures vanquished.

Notes
Turn   | Place    | Note
-------+----------+-------------------------------------------
     0 | D:1      | qw the Deep Elf Hunter began the quest for the Orb.
     0 | D:1      | Reached XP level 1. HP: 12/12 MP: 3/3
     0 | D:1      | 0 ||| qw: Version: 0.3-a-22-g0ed2b0b
     0 | D:1      | 0 ||| qw: Game counter: 5424
     0 | D:1      | 0 ||| qw: Melee chars always use a shield: true
     0 | D:1      | 0 ||| qw: God list: Okawaru
     0 | D:1      | 0 ||| qw: Allow faded altars: false
     0 | D:1      | 0 ||| qw: Do Orc after clearing Dungeon:15 true
     0 | D:1      | 0 ||| qw: Do second Lair branch before Depths: true
     0 | D:1      | 0 ||| qw: Lair rune preference: random
     0 | D:1      | 0 ||| qw: Goals: Normal
     0 | D:1      | 0 ||| PLANNING D:1-11
   132 | D:1      | Reached skill level 6 in Ranged Weapons
   132 | D:1      | Reached XP level 2. HP: 16/16 MP: 4/4
   626 | D:1      | 626 ||| Stepping ~*~*~tactically~*~*~ (outnumbered).
   629 | D:1      | 629 ||| Stepping ~*~*~tactically~*~*~ (outnumbered).
   642 | D:1      | Reached XP level 3. HP: 18/20 MP: 5/5
   704 | D:1      | 704 ||| UPGRADING to +0 helmet.
   709 | D:1      | 709 ||| READING scroll labelled ASCHO ORCHOOCRYRO.
   710 | D:1      | 710 ||| DRINKING 3 bubbling sapphire potions.
   711 | D:1      | 711 ||| DROPPING scroll of butterflies.
   920 | D:2      | Reached skill level 7 in Ranged Weapons
  1098 | D:2      | Reached XP level 4. HP: 25/25 MP: 6/6
  1179 | D:2      | 1179 ||| UPGRADING to +0 ring mail.
  1189 | D:2      | 1189 ||| DROPPING +0 leather armour.
  1190 | D:2      | 1190 ||| UPGRADING to amulet of the acrobat.
  1195 | D:2      | 1195 ||| READING 4 scrolls labelled GIMNAELIUW.
  1196 | D:2      | 1196 ||| READING scroll labelled BURROW LEQE.
  1197 | D:2      | 1197 ||| READING 3 scrolls of identify.
  1197 | D:2      | 1197 ||| IDENTIFYING blue potion
  1198 | D:2      | 1198 ||| READING 2 scrolls of identify.
  1198 | D:2      | 1198 ||| IDENTIFYING coppery potion
  1199 | D:2      | 1199 ||| DROPPING potion of berserk rage.
  1474 | D:3      | Found Neshrimoe's Jewellery Boutique.
  1482 | D:3      | 1482 ||| SHOPLISTING Hermit's Pendant {Faith Invo=14 Evo=0
                  | MP+5} (575 gold, have 187).
  1482 | D:3      | 1482 ||| SHOPLISTING amulet of regeneration (300 gold, have
                  | 187).
  1482 | D:3      | 1482 ||| SHOPLISTING ring of fire (250 gold, have 187).
  1482 | D:3      | 1482 ||| SHOPLISTING ring of ice (250 gold, have 187).
  1482 | D:3      | 1482 ||| SHOPLISTING ring of resist corrosion (200 gold,
                  | have 187).
  1544 | D:3      | You fall into a shaft and drop 3 floors!
  1552 | D:6      | Noticed Edmund
  1558 | D:6      | HP: 4/25 [Edmund/+0 dire flail of protection (12)]
  1559 | D:6      | Slain by Edmund

Levels and vault maps discovered:
D:1:      matt_arrival_refuge, layout_loops_ring
D:2:      minmay_chambers_of_twos, layout_rooms, serial_undead, serial_undead_d,
          serial_undead_d, serial_undead_e, serial_undead_b
D:3:      layout_basic, serial_shops, shop, chequers_serial_rivers_micro_b
D:6:      layout_loops_corners, kennysheep_mini_moat,
          nicolae_wu_jian_immortal_techniques, uniq_edmund

Skill      XL: |  1  2  3 |
---------------+----------+-----
Ranged Weapons | 6 7 |  7.8
Fighting       | |  1.5
Dodging        | |  2.4
Stealth        | |  1.2

Action                     |  1- 3 |  4- 6 || total
---------------------------+-------+-------++-------
   Fire: Shortbow          |   140 |    23 ||   163
    Use: Scroll            |     1 |     4 ||     5
         Potion            |     1 |       ||     1
 Armour: Leather armour    |    12 |       ||    12
         Ring mail         |       |     2 ||     2
  Dodge: Dodged            |    32 |     5 ||    37

Table legend:
 A = Non-vault XP
 B = Vault XP
 C = Vault XP percentage of total XP
 D = Non-vault monster count
 E = Vault monster count
 F = Vault count percentage of total count
                 A         B        C        D         E       F
            +---------+---------+-------+---------+---------+-------
      Total |      84 |      50 |  37.3 |      44 |      13 |  22.8
            +---------+---------+-------+---------+---------+-------
        D:1 |      42 |       0 |   0.0 |      26 |       0 |   0.0
        D:2 |      16 |      50 |  75.8 |      10 |      13 |  56.5
        D:3 |      13 |       0 |   0.0 |       7 |       0 |   0.0
        D:6 |      13 |       0 |   0.0 |       1 |       0 |   0.0
            +---------+---------+-------+---------+---------+-------
